[ AOE2 MATCH · #481255588 ]
UnrankedSicilians vs Wu
[ REPLAY ANALYSIS · EXTRACTED FROM THE RECORDED GAME ]
Feudal
10:33
Castle
21:46
Imperial
44:03
| APM avg | 21.0 |
| APM peak | 44 |
| eAPM avg | 13.8 |
| Villagers / military | 103 / 102 |
Focus
⚔️ 28.5% · 🌾 71.5%
Knight ×50 · Serjeant ×38 · Mangonel ×7 · Spearman ×4 · Trebuchet (Packed) ×3
Feudal
12:13
Castle
16:13
Imperial
—
| APM avg | 14.0 |
| APM peak | 37 |
| eAPM avg | 10.0 |
| Villagers / military | 98 / 9 |
Focus
⚔️ 23.7% · 🌾 76.3%
Unknown (1944) ×74 · Unknown (1974) ×56 · Spearman ×7 · Mangonel ×2
Feudal
10:18
Castle
15:43
Imperial
28:45
| APM avg | 36.3 |
| APM peak | 95 |
| eAPM avg | 16.8 |
| Villagers / military | 136 / 151 |
Focus
⚔️ 33.1% · 🌾 66.9%
Knight ×61 · Hussite Wagon ×35 · Spearman ×25 · Bombard Cannon ×21 · Scout Cavalry ×5 · Battering Ram ×2
Feudal
11:37
Castle
15:30
Imperial
42:56
| APM avg | 21.3 |
| APM peak | 58 |
| eAPM avg | 10.5 |
| Villagers / military | 97 / 81 |
Focus
⚔️ 33.7% · 🌾 66.3%
Cavalry Archer ×58 · Battering Ram ×12 · Mangonel ×7 · Spearman ×4
Feudal
11:54
Castle
15:49
Imperial
32:23
| APM avg | 46.3 |
| APM peak | 69 |
| eAPM avg | 27.8 |
| Villagers / military | 155 / 216 |
Focus
⚔️ 38.1% · 🌾 61.9%
Knight ×96 · Serjeant ×74 · Battering Ram ×30 · Trebuchet (Packed) ×6 · Monk ×4 · Scorpion ×3
Feudal
11:51
Castle
15:35
Imperial
30:13
| APM avg | 29.4 |
| APM peak | 71 |
| eAPM avg | 10.3 |
| Villagers / military | 70 / 58 |
Focus
⚔️ 20.6% · 🌾 79.4%
Organ Gun ×33 · Bombard Cannon ×20 · Battering Ram ×4 · Mangonel ×1
Feudal
11:06
Castle
18:20
Imperial
—
| APM avg | 8.2 |
| APM peak | 45 |
| eAPM avg | 5.2 |
| Villagers / military | 39 / 11 |
Focus
⚔️ 13.5% · 🌾 86.5%
Militia ×6 · Karambit Warrior ×5
Feudal
12:32
Castle
17:45
Imperial
36:36
| APM avg | 25.2 |
| APM peak | 59 |
| eAPM avg | 15.0 |
| Villagers / military | 100 / 261 |
Focus
⚔️ 41.1% · 🌾 58.9%
Spearman ×165 · Cataphract ×39 · Archer ×35 · Skirmisher ×10 · Battering Ram ×8 · Mangonel ×4
Match map
Initial resources + every placement click. Lines = walls · curves = elevation contours. ◆ gold · ⬟ stone · ● berries · ✦ relic · ◌ wall gap
Your base· ✓ Closed at 21:46 · 23t walls · 2 gate(s)
anonim's base· ✓ Closed at 16:13 · 0t walls · 3 gate(s)
CamelotCosmonaut's base· ✓ Closed at 15:43 · 0t walls · 2 gate(s)
Mauroko's base· ✓ Closed at 15:30 · 0t walls · 2 gate(s)
CCM | Muflon de Elite's base· ✓ Closed at 15:49 · 0t walls · 2 gate(s)
MigueMigue's base· ✓ Closed at 15:35 · 0t walls · 3 gate(s)
不服就干's base· ✓ Closed at 18:20 · 1t walls · 3 gate(s)
Nico's base· ✓ Closed at 17:45 · 28t walls · 2 gate(s)
Smoothed initial terrain · ◌ = detected wall gap · hover for details
Inputs per minute
— 大清第一巴图鲁 - - anonim
Build order — 大清第一巴图鲁
First 150 of 332 actions detected
| 0:05 | Build | House |
| 0:07 | Create | Villager (Male) |
| 0:07 | Create | Villager (Male) |
| 0:08 | Create | Villager (Male) |
| 0:08 | Create | Villager (Male) |
| 0:08 | Create | Villager (Male) |
| 0:08 | Create | Villager (Male) |
| 0:09 | Research | Loom |
| 0:13 | Build | House |
| 1:37 | Create | Villager (Male) |
| 1:59 | Build | Lumber Camp |
| 2:30 | Create | Villager (Male) |
| 3:03 | Create | Villager (Male) |
| 3:03 | Create | Villager (Male) |
| 3:56 | Create | Villager (Male) |
| 4:05 | Build | House |
| 4:06 | Build | House |
| 4:52 | Build | Mining Camp |
| 4:56 | Create | Villager (Male) |
| 4:57 | Create | Villager (Male) |
| 5:19 | Create | Villager (Male) |
| 5:55 | Create | Villager (Male) |
| 6:10 | Create | Villager (Male) |
| 6:55 | Create | Villager (Male) |
| 7:38 | Build | Mill |
| 7:53 | Build | Donjon |
| 8:11 | Build | Donjon |
| 8:23 | Research | Feudal Age |
| 9:46 | Build | Mining Camp |
| 10:33 | Age | Feudal Age |
| 10:35 | Create | Villager (Male) |
| 10:35 | Create | Villager (Male) |
| 10:39 | Create | Serjeant |
| 10:40 | Create | Serjeant |
| 10:53 | Create | Serjeant |
| 11:39 | Create | Serjeant |
| 11:47 | Build | House |
| 11:48 | Build | House |
| 11:52 | Create | Villager (Male) |
| 11:52 | Create | Villager (Male) |
| 11:52 | Create | Villager (Male) |
| 12:30 | Create | Serjeant |
| 12:59 | Build | Mining Camp |
| 13:10 | Create | Villager (Male) |
| 13:16 | Build | House |
| 13:17 | Build | House |
| 14:34 | Build | Farm |
| 14:35 | Build | Farm |
| 14:36 | Build | Farm |
| 14:40 | Create | Villager (Male) |
| 14:40 | Create | Villager (Male) |
| 15:14 | Build | Donjon |
| 15:36 | Create | Villager (Male) |
| 15:41 | Create | Villager (Male) |
| 15:49 | Build | Blacksmith |
| 15:53 | Build | Market |
| 16:44 | Build | Farm |
| 16:45 | Build | Farm |
| 16:46 | Build | Farm |
| 16:54 | Build | Farm |
| 16:58 | Create | Villager (Male) |
| 18:22 | Create | Serjeant |
| 18:22 | Create | Serjeant |
| 19:06 | Research | Castle Age |
| 20:17 | Build | Stone Wall |
| 20:28 | Build | Stone Wall |
| 20:36 | Create | Serjeant |
| 20:36 | Create | Serjeant |
| 21:31 | Create | Serjeant |
| 21:46 | Age | Castle Age |
| 22:04 | Build | Castle |
| 22:15 | Build | Siege Workshop |
| 22:18 | Create | Villager (Male) |
| 22:18 | Create | Villager (Male) |
| 22:18 | Create | Villager (Male) |
| 22:18 | Create | Villager (Male) |
| 23:06 | Research | Fletching |
| 23:11 | Create | Mangonel |
| 23:15 | Create | Mangonel |
| 23:25 | Create | Villager (Male) |
| 23:25 | Create | Villager (Male) |
| 23:41 | Create | Serjeant |
| 24:07 | Create | Serjeant |
| 24:43 | Create | Serjeant |
| 25:14 | Create | Villager (Male) |
| 25:21 | Build | Town Center |
| 25:54 | Build | Donjon |
| 26:14 | Build | Farm |
| 26:19 | Create | Villager (Male) |
| 26:20 | Create | Villager (Male) |
| 26:59 | Build | Farm |
| 27:00 | Build | Farm |
| 27:05 | Build | Farm |
| 27:14 | Create | Villager (Male) |
| 27:17 | Create | Villager (Male) |
| 27:36 | Create | Serjeant |
| 29:11 | Create | Serjeant |
| 29:11 | Create | Serjeant |
| 30:14 | Build | Siege Workshop |
| 30:25 | Create | Mangonel |
| 30:27 | Create | Mangonel |
| 30:35 | Create | Serjeant |
| 30:35 | Create | Serjeant |
| 30:39 | Research | Pikeman (upgrade) |
| 30:40 | Create | Spearman |
| 30:40 | Create | Spearman |
| 30:52 | Build | Farm |
| 30:52 | Build | Farm |
| 30:54 | Build | Farm |
| 30:55 | Build | Farm |
| 30:57 | Build | Farm |
| 31:00 | Build | Farm |
| 31:05 | Create | Villager (Male) |
| 31:06 | Create | Villager (Male) |
| 31:22 | Create | Villager (Male) |
| 31:32 | Create | Mangonel |
| 32:26 | Create | Spearman |
| 32:27 | Create | Serjeant |
| 32:29 | Create | Serjeant |
| 32:30 | Create | Spearman |
| 33:24 | Create | Serjeant |
| 33:29 | Build | Donjon |
| 34:26 | Create | Serjeant |
| 34:29 | Create | Serjeant |
| 34:43 | Create | Mangonel |
| 35:18 | Build | Stable |
| 35:19 | Build | Stable |
| 35:29 | Research | Gold Mining |
| 35:33 | Create | Villager (Male) |
| 35:33 | Create | Villager (Male) |
| 35:33 | Create | Villager (Male) |
| 35:36 | Research | Wheelbarrow |
| 35:44 | Build | Town Center |
| 35:52 | Research | Double-Bit Axe |
| 35:52 | Research | Double-Bit Axe |
| 36:02 | Build | Mining Camp |
| 36:11 | Build | Lumber Camp |
| 36:15 | Create | Villager (Male) |
| 36:15 | Create | Villager (Male) |
| 36:16 | Create | Villager (Male) |
| 36:16 | Create | Villager (Male) |
| 36:16 | Create | Villager (Male) |
| 36:16 | Create | Villager (Male) |
| 37:05 | Create | Serjeant |
| 37:06 | Create | Serjeant |
| 37:06 | Create | Serjeant |
| 37:29 | Build | Farm |
| 37:30 | Build | Farm |
| 37:30 | Build | Farm |
| 37:32 | Build | Farm |
Build order — anonim
First 150 of 254 actions detected
| 0:03 | Create | Villager (Male) |
| 0:04 | Create | Villager (Male) |
| 0:04 | Create | Villager (Male) |
| 0:04 | Create | Villager (Male) |
| 0:04 | Create | Villager (Male) |
| 0:05 | Create | Villager (Male) |
| 0:08 | Build | House |
| 1:18 | Build | House |
| 1:20 | Build | House |
| 1:21 | Build | House |
| 1:32 | Create | Villager (Male) |
| 1:32 | Create | Villager (Male) |
| 2:15 | Create | Villager (Male) |
| 2:16 | Create | Villager (Male) |
| 2:16 | Create | Villager (Male) |
| 2:24 | Create | Villager (Male) |
| 2:24 | Create | Villager (Male) |
| 2:25 | Create | Villager (Male) |
| 2:49 | Build | Lumber Camp |
| 2:56 | Create | Villager (Male) |
| 2:56 | Create | Villager (Male) |
| 3:31 | Create | Villager (Male) |
| 3:31 | Create | Villager (Male) |
| 3:31 | Create | Villager (Male) |
| 3:34 | Create | Villager (Male) |
| 3:35 | Create | Villager (Male) |
| 4:00 | Create | Villager (Male) |
| 4:01 | Create | Villager (Male) |
| 4:50 | Create | Villager (Male) |
| 4:50 | Create | Villager (Male) |
| 4:50 | Create | Villager (Male) |
| 4:50 | Create | Villager (Male) |
| 4:52 | Create | Villager (Male) |
| 5:27 | Build | Mill |
| 5:30 | Create | Villager (Male) |
| 5:30 | Create | Villager (Male) |
| 5:30 | Create | Villager (Male) |
| 5:31 | Create | Villager (Male) |
| 6:37 | Create | Villager (Male) |
| 6:37 | Create | Villager (Male) |
| 6:37 | Create | Villager (Male) |
| 6:37 | Create | Villager (Male) |
| 7:21 | Build | Lumber Camp |
| 8:23 | Create | Villager (Male) |
| 8:27 | Create | Villager (Male) |
| 8:27 | Create | Villager (Male) |
| 8:36 | Build | House |
| 8:37 | Build | House |
| 8:50 | Build | Farm |
| 8:51 | Build | Farm |
| 9:38 | Create | Villager (Male) |
| 9:42 | Research | Feudal Age |
| 10:22 | Build | Farm |
| 10:27 | Build | Mining Camp |
| 10:45 | Build | Barracks |
| 11:17 | Build | Farm |
| 11:22 | Build | Farm |
| 12:00 | Create | Villager (Male) |
| 12:01 | Create | Villager (Male) |
| 12:13 | Age | Feudal Age |
| 12:20 | Build | Blacksmith |
| 12:33 | Build | Stable |
| 12:50 | Build | House |
| 13:03 | Create | Villager (Male) |
| 13:07 | Build | Farm |
| 13:09 | Build | Farm |
| 13:33 | Research | Castle Age |
| 13:43 | Build | Barracks |
| 13:53 | Build | Barracks |
| 14:09 | Research | Scale Mail Armor |
| 14:13 | Create | Spearman |
| 14:26 | Build | Farm |
| 14:27 | Build | Farm |
| 14:44 | Create | Spearman |
| 14:44 | Create | Spearman |
| 14:44 | Create | Spearman |
| 15:05 | Create | Spearman |
| 15:05 | Create | Spearman |
| 15:13 | Create | Spearman |
| 15:18 | Research | Horse Collar |
| 15:33 | Research | Loom |
| 15:33 | Create | Villager (Male) |
| 15:34 | Create | Villager (Male) |
| 16:01 | Build | House |
| 16:03 | Build | House |
| 16:05 | Build | House |
| 16:08 | Build | House |
| 16:13 | Age | Castle Age |
| 16:17 | Create | Unit 1974 ×4 |
| 16:23 | Create | Unit 1974 ×2 |
| 16:46 | Create | Unit 1974 |
| 16:53 | Create | Villager (Male) |
| 16:54 | Create | Villager (Male) |
| 17:14 | Build | Town Center |
| 17:30 | Research | Heavy Plow |
| 17:52 | Build | Lumber Camp |
| 18:10 | Create | Unit 1974 ×3 |
| 18:58 | Create | Villager (Male) |
| 18:59 | Create | Villager (Male) |
| 18:59 | Create | Villager (Male) |
| 19:03 | Build | Farm |
| 19:08 | Build | Farm |
| 19:50 | Research | Forging |
| 20:12 | Research | Double-Bit Axe |
| 20:41 | Create | Unit 1974 ×2 |
| 20:42 | Create | Unit 1974 ×2 |
| 20:42 | Create | Unit 1974 ×2 |
| 21:34 | Research | Chain Mail Armor |
| 21:34 | Research | Iron Casting |
| 22:14 | Create | Unit 1974 ×3 |
| 22:14 | Create | Unit 1974 ×3 |
| 22:15 | Create | Unit 1974 ×3 |
| 22:15 | Create | Unit 1974 ×3 |
| 22:36 | Create | Villager (Male) |
| 22:36 | Create | Villager (Male) |
| 22:40 | Build | Farm |
| 22:42 | Build | Farm |
| 22:51 | Build | Farm |
| 22:52 | Build | Farm |
| 22:54 | Build | Farm |
| 23:05 | Create | Villager (Male) |
| 23:05 | Create | Villager (Male) |
| 23:29 | Create | Unit 1974 ×2 |
| 23:29 | Create | Unit 1974 ×2 |
| 23:30 | Create | Unit 1974 ×2 |
| 24:14 | Create | Unit 1974 ×5 |
| 24:15 | Create | Unit 1974 ×5 |
| 24:15 | Create | Unit 1974 ×5 |
| 24:15 | Create | Unit 1974 ×5 |
| 24:47 | Build | Farm |
| 24:52 | Create | Villager (Male) |
| 24:52 | Create | Villager (Male) |
| 24:55 | Create | Villager (Male) |
| 24:55 | Create | Villager (Male) |
| 25:24 | Research | Bow Saw |
| 25:33 | Build | House |
| 25:33 | Build | House |
| 25:34 | Build | House |
| 25:34 | Build | House |
| 25:34 | Build | House |
| 25:34 | Build | House |
| 25:35 | Build | House |
| 25:35 | Build | House |
| 25:35 | Build | House |
| 25:36 | Build | House |
| 25:36 | Build | House |
| 25:38 | Build | House |
| 25:38 | Build | House |
| 25:38 | Build | House |
| 25:39 | Build | House |
Build order — CamelotCosmonaut
First 150 of 467 actions detected
| 0:01 | Create | Villager (Male) |
| 0:01 | Create | Villager (Male) |
| 0:01 | Create | Villager (Male) |
| 0:02 | Create | Villager (Male) |
| 0:03 | Build | House |
| 0:05 | Build | House |
| 1:24 | Create | Villager (Male) |
| 2:18 | Create | Villager (Male) |
| 2:27 | Create | Villager (Male) |
| 2:40 | Build | Lumber Camp |
| 3:11 | Research | Loom |
| 3:26 | Create | Villager (Male) |
| 3:27 | Create | Villager (Male) |
| 3:27 | Create | Villager (Male) |
| 4:05 | Build | House |
| 4:28 | Create | Villager (Male) |
| 4:43 | Create | Villager (Male) |
| 4:47 | Build | Mill |
| 5:32 | Create | Villager (Male) |
| 6:08 | Create | Villager (Male) |
| 6:09 | Create | Villager (Male) |
| 6:13 | Build | House |
| 7:18 | Create | Villager (Male) |
| 7:38 | Create | Villager (Male) |
| 7:46 | Build | Farm |
| 7:53 | Build | Farm |
| 7:56 | Build | Farm |
| 8:05 | Research | Feudal Age |
| 9:04 | Create | Villager (Male) |
| 9:12 | Build | Mining Camp |
| 9:38 | Create | Villager (Male) |
| 10:18 | Age | Feudal Age |
| 10:48 | Create | Villager (Male) |
| 10:59 | Build | Market |
| 11:01 | Create | Villager (Male) |
| 11:43 | Create | Villager (Male) |
| 11:46 | Build | House |
| 12:02 | Build | House |
| 12:04 | Build | House |
| 12:07 | Create | Villager (Male) |
| 12:07 | Create | Villager (Male) |
| 12:22 | Build | Blacksmith |
| 13:03 | Research | Castle Age |
| 13:10 | Build | Mining Camp |
| 13:36 | Research | Double-Bit Axe |
| 14:10 | Research | Horse Collar |
| 14:17 | Build | Farm |
| 14:22 | Build | Farm |
| 14:29 | Create | Villager (Male) |
| 15:08 | Create | Villager (Male) |
| 15:08 | Create | Villager (Male) |
| 15:29 | Build | Farm |
| 15:43 | Age | Castle Age |
| 15:46 | Build | Town Center |
| 15:50 | Create | Villager (Male) |
| 16:00 | Research | Bow Saw |
| 16:18 | Create | Villager (Male) |
| 16:45 | Build | Barracks |
| 16:58 | Create | Villager (Male) |
| 16:58 | Create | Villager (Male) |
| 17:12 | Create | Villager (Male) |
| 17:37 | Create | Villager (Male) |
| 17:37 | Create | Villager (Male) |
| 17:55 | Build | Stable |
| 17:56 | Create | Spearman |
| 18:21 | Create | Villager (Male) |
| 18:38 | Create | Villager (Male) |
| 18:38 | Create | Villager (Male) |
| 19:12 | Build | Castle |
| 19:22 | Create | Villager (Male) |
| 19:31 | Create | Knight |
| 19:33 | Create | Villager (Male) |
| 19:36 | Build | Farm |
| 19:38 | Build | Farm |
| 19:38 | Build | Farm |
| 19:39 | Build | Farm |
| 19:40 | Create | Villager (Male) |
| 19:42 | Build | Farm |
| 19:50 | Build | Siege Workshop |
| 20:09 | Create | Villager (Male) |
| 20:22 | Create | Villager (Male) |
| 20:22 | Create | Villager (Male) |
| 20:38 | Create | Villager (Male) |
| 20:48 | Build | Mining Camp |
| 20:50 | Create | Battering Ram |
| 21:12 | Create | Hussite Wagon |
| 21:13 | Create | Villager (Male) |
| 21:13 | Create | Villager (Male) |
| 21:14 | Create | Villager (Male) |
| 21:26 | Create | Villager (Male) |
| 21:36 | Create | Villager (Male) |
| 21:36 | Create | Villager (Male) |
| 21:41 | Create | Battering Ram |
| 21:50 | Create | Villager (Male) |
| 22:23 | Create | Hussite Wagon |
| 22:24 | Create | Hussite Wagon |
| 22:32 | Create | Villager (Male) |
| 22:45 | Build | University |
| 22:47 | Create | Villager (Male) |
| 23:05 | Create | Villager (Male) |
| 23:06 | Create | Villager (Male) |
| 23:07 | Research | Town Watch |
| 23:19 | Build | Lumber Camp |
| 23:22 | Create | Villager (Male) |
| 23:42 | Create | Villager (Male) |
| 23:47 | Build | Farm |
| 23:47 | Build | Farm |
| 23:47 | Build | Farm |
| 23:49 | Create | Villager (Male) |
| 24:23 | Create | Villager (Male) |
| 24:23 | Create | Villager (Male) |
| 24:26 | Build | House |
| 24:27 | Build | House |
| 24:27 | Build | House |
| 24:27 | Build | House |
| 24:28 | Build | House |
| 24:28 | Build | House |
| 24:28 | Build | House |
| 24:29 | Create | Villager (Male) |
| 24:30 | Create | Villager (Male) |
| 25:13 | Build | Farm |
| 25:16 | Build | Farm |
| 25:20 | Build | Farm |
| 25:25 | Build | Farm |
| 25:33 | Build | Farm |
| 25:35 | Research | Imperial Age |
| 25:39 | Build | House |
| 25:39 | Build | House |
| 25:39 | Build | House |
| 25:42 | Create | Villager (Male) |
| 25:53 | Create | Hussite Wagon |
| 26:05 | Build | Farm |
| 26:12 | Build | Farm |
| 26:16 | Build | Farm |
| 26:19 | Create | Villager (Male) |
| 26:25 | Create | Villager (Male) |
| 26:28 | Create | Villager (Male) |
| 26:29 | Create | Villager (Male) |
| 26:41 | Create | Spearman |
| 26:41 | Create | Spearman |
| 26:43 | Create | Villager (Male) |
| 26:47 | Build | Barracks |
| 26:56 | Research | Forging |
| 27:03 | Create | Hussite Wagon |
| 27:05 | Create | Villager (Male) |
| 27:58 | Create | Villager (Male) |
| 28:05 | Research | Light Cavalry (upgrade) |
| 28:05 | Create | Scout Cavalry |
| 28:06 | Create | Scout Cavalry |
| 28:11 | Build | Siege Workshop |
Build order — Mauroko
First 150 of 285 actions detected
| 0:01 | Create | Villager (Male) |
| 0:02 | Create | Villager (Male) |
| 0:02 | Create | Villager (Male) |
| 0:02 | Create | Villager (Male) |
| 0:03 | Create | Villager (Male) |
| 0:05 | Build | House |
| 0:07 | Build | House |
| 1:23 | Create | Villager (Male) |
| 1:23 | Create | Villager (Male) |
| 1:44 | Build | Lumber Camp |
| 2:02 | Create | Villager (Male) |
| 2:03 | Create | Villager (Male) |
| 2:18 | Create | Villager (Male) |
| 2:18 | Create | Villager (Male) |
| 2:43 | Create | Villager (Male) |
| 2:43 | Create | Villager (Male) |
| 2:58 | Create | Villager (Male) |
| 3:30 | Create | Villager (Male) |
| 3:30 | Create | Villager (Male) |
| 3:54 | Create | Villager (Male) |
| 3:55 | Create | Villager (Male) |
| 3:58 | Build | House |
| 4:02 | Build | House |
| 4:04 | Build | House |
| 4:23 | Build | Mill |
| 4:39 | Create | Villager (Male) |
| 4:39 | Create | Villager (Male) |
| 4:39 | Create | Villager (Male) |
| 5:30 | Create | Villager (Male) |
| 5:30 | Create | Villager (Male) |
| 5:30 | Create | Villager (Male) |
| 5:58 | Create | Villager (Male) |
| 5:58 | Create | Villager (Male) |
| 5:58 | Create | Villager (Male) |
| 7:06 | Build | Farm |
| 7:08 | Build | Farm |
| 7:10 | Build | Farm |
| 7:17 | Build | Farm |
| 7:22 | Create | Villager (Male) |
| 7:22 | Create | Villager (Male) |
| 7:22 | Create | Villager (Male) |
| 8:13 | Create | Villager (Male) |
| 8:40 | Research | Feudal Age |
| 8:46 | Create | Villager (Male) |
| 8:58 | Research | Feudal Age |
| 9:37 | Build | Mining Camp |
| 10:22 | Create | Villager (Male) |
| 10:23 | Create | Villager (Male) |
| 11:37 | Age | Feudal Age |
| 11:40 | Build | Market |
| 11:45 | Build | Blacksmith |
| 12:46 | Create | Villager (Male) |
| 12:46 | Create | Villager (Male) |
| 12:50 | Research | Castle Age |
| 13:32 | Build | Siege Workshop |
| 13:43 | Research | Double-Bit Axe |
| 14:03 | Create | Villager (Male) |
| 14:04 | Create | Villager (Male) |
| 14:25 | Create | Battering Ram |
| 14:38 | Build | Lumber Camp |
| 14:49 | Create | Battering Ram |
| 15:16 | Create | Villager (Male) |
| 15:28 | Create | Battering Ram |
| 15:30 | Age | Castle Age |
| 15:47 | Build | House |
| 16:03 | Build | House |
| 16:04 | Build | House |
| 16:51 | Create | Battering Ram |
| 17:00 | Create | Villager (Male) |
| 17:03 | Create | Villager (Male) |
| 17:08 | Build | House |
| 17:37 | Create | Battering Ram |
| 17:41 | Research | Capped Ram (upgrade) |
| 17:51 | Build | House |
| 17:55 | Create | Villager (Male) |
| 18:02 | Research | Bow Saw |
| 18:32 | Create | Mangonel |
| 19:06 | Create | Villager (Male) |
| 19:07 | Create | Villager (Male) |
| 19:07 | Create | Villager (Male) |
| 19:24 | Create | Battering Ram |
| 22:14 | Create | Battering Ram |
| 22:14 | Create | Battering Ram |
| 22:14 | Create | Battering Ram |
| 23:01 | Create | Mangonel |
| 23:02 | Create | Battering Ram |
| 24:33 | Create | Battering Ram |
| 24:33 | Create | Battering Ram |
| 24:42 | Build | Farm |
| 24:43 | Build | Farm |
| 24:45 | Create | Villager (Male) |
| 24:45 | Create | Villager (Male) |
| 24:46 | Create | Villager (Male) |
| 24:46 | Create | Villager (Male) |
| 25:43 | Build | Farm |
| 25:46 | Build | House |
| 25:51 | Build | Barracks |
| 25:53 | Create | Villager (Male) |
| 25:53 | Create | Villager (Male) |
| 25:58 | Create | Mangonel |
| 26:54 | Build | Farm |
| 26:54 | Build | Farm |
| 26:54 | Build | Farm |
| 26:54 | Build | Farm |
| 26:57 | Create | Villager (Male) |
| 26:57 | Create | Villager (Male) |
| 29:05 | Build | Mining Camp |
| 29:07 | Create | Villager (Male) |
| 29:07 | Create | Villager (Male) |
| 29:08 | Create | Villager (Male) |
| 29:08 | Create | Villager (Male) |
| 29:13 | Build | Town Center |
| 29:20 | Build | Town Center |
| 29:25 | Research | Pikeman (upgrade) |
| 30:04 | Research | Fletching |
| 30:16 | Build | Archery Range |
| 30:18 | Build | Archery Range |
| 30:22 | Build | Archery Range |
| 30:25 | Create | Spearman |
| 30:25 | Create | Spearman |
| 30:25 | Create | Spearman |
| 30:26 | Create | Spearman |
| 30:31 | Build | Farm |
| 30:33 | Build | Farm |
| 30:36 | Build | House |
| 30:39 | Build | Farm |
| 30:39 | Create | Villager (Male) |
| 30:40 | Create | Villager (Male) |
| 30:40 | Create | Villager (Male) |
| 30:40 | Create | Villager (Male) |
| 30:40 | Create | Villager (Male) |
| 31:00 | Create | Villager (Male) |
| 31:01 | Create | Villager (Male) |
| 31:01 | Create | Villager (Male) |
| 31:11 | Build | Farm |
| 31:19 | Build | Farm |
| 31:20 | Build | Farm |
| 31:20 | Build | Farm |
| 31:20 | Build | Farm |
| 31:21 | Build | Farm |
| 31:27 | Build | Farm |
| 31:32 | Build | Lumber Camp |
| 31:34 | Build | Lumber Camp |
| 31:39 | Create | Villager (Male) |
| 31:39 | Create | Villager (Male) |
| 31:45 | Build | Farm |
| 31:48 | Build | Farm |
| 31:55 | Create | Cavalry Archer |
| 31:55 | Create | Cavalry Archer |
| 32:01 | Create | Cavalry Archer |
Build order — CCM | Muflon de Elite
First 150 of 602 actions detected
| 0:03 | Create | Villager (Male) |
| 0:03 | Create | Villager (Male) |
| 0:04 | Create | Villager (Male) |
| 0:04 | Create | Villager (Male) |
| 0:04 | Create | Villager (Male) |
| 0:05 | Build | House |
| 0:07 | Build | House |
| 1:27 | Create | Villager (Male) |
| 1:56 | Build | Lumber Camp |
| 1:58 | Create | Villager (Male) |
| 2:14 | Create | Villager (Male) |
| 2:50 | Create | Villager (Male) |
| 2:50 | Create | Villager (Male) |
| 3:04 | Build | House |
| 3:14 | Create | Villager (Male) |
| 3:40 | Build | House |
| 3:44 | Create | Villager (Male) |
| 4:09 | Create | Villager (Male) |
| 4:29 | Create | Villager (Male) |
| 5:06 | Create | Villager (Male) |
| 5:15 | Build | Mill |
| 5:24 | Create | Villager (Male) |
| 5:58 | Create | Villager (Male) |
| 5:59 | Create | Villager (Male) |
| 6:45 | Create | Villager (Male) |
| 6:57 | Build | House |
| 7:08 | Create | Villager (Male) |
| 7:32 | Create | Villager (Male) |
| 7:59 | Create | Villager (Male) |
| 8:00 | Create | Villager (Male) |
| 8:08 | Build | Mining Camp |
| 8:11 | Build | Mining Camp |
| 8:49 | Create | Villager (Male) |
| 9:00 | Create | Villager (Male) |
| 9:01 | Research | Feudal Age |
| 10:03 | Build | House |
| 10:13 | Research | Loom |
| 10:37 | Build | House |
| 10:48 | Build | Farm |
| 10:53 | Build | Farm |
| 11:54 | Age | Feudal Age |
| 11:58 | Build | Market |
| 12:01 | Build | Blacksmith |
| 12:13 | Create | Villager (Male) |
| 12:25 | Build | Farm |
| 12:43 | Create | Villager (Male) |
| 12:51 | Build | Farm |
| 13:09 | Research | Castle Age |
| 13:51 | Research | Double-Bit Axe |
| 13:51 | Research | Double-Bit Axe |
| 13:55 | Build | Farm |
| 14:06 | Build | Farm |
| 14:16 | Build | Farm |
| 14:40 | Build | Barracks |
| 14:45 | Research | Horse Collar |
| 15:44 | Create | Villager (Male) |
| 15:49 | Age | Castle Age |
| 15:50 | Create | Villager (Male) |
| 15:57 | Build | Town Center |
| 16:01 | Build | Monastery |
| 16:10 | Build | Town Center |
| 16:29 | Create | Villager (Male) |
| 16:34 | Create | Spearman |
| 16:48 | Create | Monk |
| 16:51 | Create | Villager (Male) |
| 16:54 | Build | House |
| 16:56 | Create | Villager (Male) |
| 17:03 | Build | Farm |
| 17:04 | Build | Farm |
| 17:19 | Create | Villager (Male) |
| 17:20 | Create | Villager (Male) |
| 17:29 | Build | Farm |
| 17:29 | Build | Farm |
| 17:30 | Create | Villager (Male) |
| 17:33 | Build | House |
| 17:38 | Build | Farm |
| 17:52 | Create | Villager (Male) |
| 18:06 | Create | Villager (Male) |
| 18:06 | Create | Villager (Male) |
| 18:16 | Create | Villager (Male) |
| 18:22 | Build | Farm |
| 18:22 | Build | Farm |
| 18:22 | Build | Farm |
| 18:22 | Build | Farm |
| 18:23 | Build | Farm |
| 18:23 | Build | Farm |
| 18:25 | Create | Villager (Male) |
| 18:27 | Create | Monk |
| 18:39 | Create | Villager (Male) |
| 18:40 | Create | Villager (Male) |
| 18:40 | Create | Villager (Male) |
| 18:48 | Create | Monk |
| 18:58 | Create | Villager (Male) |
| 18:59 | Create | Villager (Male) |
| 19:09 | Create | Villager (Male) |
| 19:12 | Build | House |
| 19:13 | Create | Villager (Male) |
| 19:16 | Build | Farm |
| 19:16 | Build | Farm |
| 19:16 | Build | Farm |
| 19:28 | Create | Villager (Male) |
| 19:29 | Create | Villager (Male) |
| 19:40 | Create | Villager (Male) |
| 19:44 | Build | House |
| 19:45 | Build | House |
| 19:48 | Create | Villager (Male) |
| 19:49 | Create | Villager (Male) |
| 19:53 | Build | Town Center |
| 19:54 | Create | Villager (Male) |
| 19:54 | Create | Villager (Male) |
| 20:07 | Create | Villager (Male) |
| 20:07 | Create | Villager (Male) |
| 20:29 | Create | Villager (Male) |
| 20:29 | Create | Villager (Male) |
| 20:29 | Create | Villager (Male) |
| 20:34 | Build | Mining Camp |
| 20:37 | Create | Villager (Male) |
| 20:49 | Create | Villager (Male) |
| 20:50 | Create | Villager (Male) |
| 20:50 | Create | Villager (Male) |
| 20:54 | Build | House |
| 21:03 | Create | Villager (Male) |
| 21:05 | Create | Villager (Male) |
| 21:09 | Create | Villager (Male) |
| 21:13 | Build | Farm |
| 21:13 | Build | Farm |
| 21:13 | Build | Farm |
| 21:14 | Build | Farm |
| 21:21 | Create | Villager (Male) |
| 21:39 | Research | Fervor |
| 21:40 | Create | Villager (Male) |
| 21:47 | Build | House |
| 21:47 | Create | Villager (Male) |
| 21:47 | Create | Villager (Male) |
| 21:48 | Create | Villager (Male) |
| 21:48 | Create | Villager (Male) |
| 21:53 | Build | Farm |
| 21:53 | Build | Farm |
| 21:53 | Build | Farm |
| 21:56 | Build | Farm |
| 22:02 | Build | Farm |
| 22:03 | Research | Heavy Plow |
| 22:03 | Research | Heavy Plow |
| 22:08 | Build | Farm |
| 22:09 | Build | Farm |
| 22:09 | Build | Farm |
| 22:16 | Build | Farm |
| 22:18 | Build | Farm |
| 22:23 | Build | Farm |
| 22:28 | Build | Farm |
Build order — MigueMigue
First 150 of 232 actions detected
| 0:03 | Build | House |
| 0:05 | Build | House |
| 0:05 | Create | Villager (Male) |
| 0:06 | Create | Villager (Male) |
| 0:06 | Create | Villager (Male) |
| 0:29 | Create | Villager (Male) |
| 0:30 | Create | Villager (Male) |
| 1:28 | Create | Villager (Male) |
| 2:03 | Create | Villager (Male) |
| 2:03 | Create | Villager (Male) |
| 2:23 | Create | Villager (Male) |
| 2:23 | Create | Villager (Male) |
| 2:49 | Create | Villager (Male) |
| 2:49 | Create | Villager (Male) |
| 3:17 | Create | Villager (Male) |
| 3:17 | Create | Villager (Male) |
| 3:44 | Create | Villager (Male) |
| 3:45 | Create | Villager (Male) |
| 3:45 | Create | Villager (Male) |
| 4:03 | Build | House |
| 4:05 | Build | House |
| 4:06 | Build | House |
| 4:08 | Create | Villager (Male) |
| 4:08 | Create | Villager (Male) |
| 4:16 | Build | Lumber Camp |
| 4:39 | Create | Villager (Male) |
| 4:48 | Create | Villager (Male) |
| 5:11 | Create | Villager (Male) |
| 5:11 | Create | Villager (Male) |
| 5:34 | Build | Mill |
| 5:42 | Create | Villager (Male) |
| 5:59 | Create | Villager (Male) |
| 5:59 | Create | Villager (Male) |
| 5:59 | Create | Villager (Male) |
| 6:31 | Create | Villager (Male) |
| 6:47 | Create | Villager (Male) |
| 7:21 | Create | Villager (Male) |
| 7:25 | Create | Villager (Male) |
| 8:09 | Build | Farm |
| 8:17 | Build | Farm |
| 8:40 | Build | Farm |
| 8:43 | Build | Farm |
| 9:04 | Build | Mining Camp |
| 9:24 | Research | Feudal Age |
| 9:35 | Build | Mining Camp |
| 9:48 | Build | House |
| 9:49 | Build | House |
| 9:50 | Build | House |
| 10:22 | Build | House |
| 10:27 | Build | House |
| 10:33 | Build | House |
| 11:25 | Build | House |
| 11:33 | Create | Villager (Male) |
| 11:34 | Create | Villager (Male) |
| 11:51 | Age | Feudal Age |
| 11:59 | Build | Market |
| 12:07 | Build | Blacksmith |
| 12:55 | Research | Castle Age |
| 13:56 | Research | Double-Bit Axe |
| 14:55 | Research | Loom |
| 14:57 | Research | Horse Collar |
| 15:01 | Research | Gold Mining |
| 15:35 | Age | Castle Age |
| 15:42 | Create | Villager (Male) |
| 15:42 | Create | Villager (Male) |
| 16:32 | Create | Villager (Male) |
| 16:38 | Build | Town Center |
| 16:40 | Create | Villager (Male) |
| 16:40 | Create | Villager (Male) |
| 17:00 | Create | Villager (Male) |
| 17:56 | Build | Castle |
| 17:59 | Build | House |
| 18:03 | Build | House |
| 18:08 | Build | House |
| 18:10 | Build | House |
| 18:12 | Build | House |
| 18:34 | Create | Villager (Male) |
| 18:35 | Create | Villager (Male) |
| 19:59 | Create | Organ Gun |
| 19:59 | Create | Organ Gun |
| 19:59 | Create | Organ Gun |
| 19:59 | Create | Organ Gun |
| 20:27 | Create | Villager (Male) |
| 20:27 | Create | Villager (Male) |
| 20:27 | Create | Villager (Male) |
| 20:28 | Create | Villager (Male) |
| 21:01 | Build | Siege Workshop |
| 21:06 | Create | Organ Gun |
| 21:07 | Create | Organ Gun |
| 21:07 | Create | Organ Gun |
| 21:28 | Build | Mining Camp |
| 21:35 | Create | Mangonel |
| 21:40 | Create | Villager (Male) |
| 21:40 | Create | Villager (Male) |
| 21:54 | Create | Organ Gun |
| 22:08 | Create | Organ Gun |
| 22:27 | Create | Organ Gun |
| 22:38 | Create | Organ Gun |
| 23:05 | Create | Villager (Male) |
| 23:05 | Create | Villager (Male) |
| 23:08 | Create | Villager (Male) |
| 23:08 | Create | Villager (Male) |
| 23:32 | Build | Farm |
| 23:35 | Build | Farm |
| 23:40 | Build | Farm |
| 24:03 | Build | Farm |
| 24:06 | Build | Farm |
| 24:12 | Build | Farm |
| 24:16 | Create | Villager (Male) |
| 24:16 | Create | Villager (Male) |
| 24:26 | Build | Farm |
| 24:47 | Build | Farm |
| 24:52 | Build | Farm |
| 24:54 | Build | Farm |
| 24:58 | Create | Villager (Male) |
| 24:58 | Create | Villager (Male) |
| 25:20 | Build | Farm |
| 25:29 | Build | Farm |
| 25:53 | Build | Farm |
| 26:07 | Build | Siege Workshop |
| 26:10 | Create | Battering Ram |
| 26:10 | Create | Battering Ram |
| 26:32 | Create | Battering Ram |
| 26:35 | Create | Battering Ram |
| 27:03 | Research | Imperial Age |
| 27:20 | Build | Lumber Camp |
| 28:01 | Create | Organ Gun |
| 28:02 | Create | Organ Gun |
| 28:02 | Create | Organ Gun |
| 28:02 | Create | Organ Gun |
| 28:25 | Build | House |
| 28:26 | Build | House |
| 28:27 | Build | House |
| 28:28 | Build | House |
| 28:53 | Create | Organ Gun |
| 29:04 | Create | Villager (Male) |
| 29:04 | Create | Villager (Male) |
| 29:05 | Create | Villager (Male) |
| 29:12 | Research | Bow Saw |
| 29:36 | Create | Organ Gun |
| 30:13 | Age | Imperial Age |
| 30:23 | Build | University |
| 30:30 | Create | Organ Gun |
| 30:53 | Build | Siege Workshop |
| 30:55 | Build | Siege Workshop |
| 31:15 | Research | Chemistry |
| 31:19 | Create | Villager (Male) |
| 31:19 | Create | Villager (Male) |
| 31:19 | Create | Villager (Male) |
| 32:04 | Build | Lumber Camp |
Build order — 不服就干
99 actions detected in the replay
| 0:11 | Build | House |
| 0:11 | Build | House |
| 0:12 | Build | House |
| 0:14 | Build | House |
| 0:18 | Build | House |
| 0:23 | Create | Villager (Male) |
| 0:23 | Research | Loom |
| 0:24 | Create | Villager (Male) |
| 0:24 | Create | Villager (Male) |
| 0:25 | Create | Villager (Male) |
| 0:25 | Create | Villager (Male) |
| 1:47 | Create | Villager (Male) |
| 1:47 | Create | Villager (Male) |
| 2:23 | Build | Lumber Camp |
| 2:32 | Create | Villager (Male) |
| 2:32 | Create | Villager (Male) |
| 3:09 | Create | Villager (Male) |
| 3:10 | Create | Villager (Male) |
| 3:23 | Create | Villager (Male) |
| 3:23 | Create | Villager (Male) |
| 4:14 | Create | Villager (Male) |
| 4:14 | Create | Villager (Male) |
| 4:47 | Create | Villager (Male) |
| 4:47 | Create | Villager (Male) |
| 4:48 | Create | Villager (Male) |
| 4:48 | Create | Villager (Male) |
| 5:11 | Create | Villager (Male) |
| 6:11 | Create | Villager (Male) |
| 6:12 | Create | Villager (Male) |
| 6:36 | Build | Mill |
| 6:52 | Create | Villager (Male) |
| 7:21 | Create | Villager (Male) |
| 7:51 | Create | Villager (Male) |
| 8:13 | Build | Mining Camp |
| 8:22 | Create | Villager (Male) |
| 9:09 | Create | Villager (Male) |
| 9:16 | Build | Mining Camp |
| 9:48 | Research | Feudal Age |
| 10:06 | Build | House |
| 10:07 | Build | House |
| 10:09 | Build | House |
| 10:30 | Build | Barracks |
| 10:50 | Build | Palisade Wall |
| 11:04 | Build | Palisade Gate |
| 11:06 | Age | Feudal Age |
| 11:13 | Create | Villager (Male) |
| 11:13 | Create | Villager (Male) |
| 11:19 | Research | Double-Bit Axe |
| 11:23 | Research | Horse Collar |
| 11:24 | Research | Horse Collar |
| 11:39 | Build | Farm |
| 11:53 | Build | House |
| 11:56 | Build | House |
| 12:04 | Create | Villager (Male) |
| 12:05 | Create | Villager (Male) |
| 12:22 | Build | Blacksmith |
| 12:44 | Create | Villager (Male) |
| 12:51 | Build | Farm |
| 13:19 | Build | Market |
| 13:28 | Build | House |
| 13:41 | Build | Farm |
| 13:45 | Create | Villager (Male) |
| 13:52 | Build | Farm |
| 13:58 | Build | Farm |
| 14:07 | Create | Villager (Male) |
| 14:17 | Build | Farm |
| 14:41 | Build | Farm |
| 14:57 | Create | Villager (Male) |
| 15:05 | Build | Farm |
| 15:29 | Create | Villager (Male) |
| 16:04 | Build | Farm |
| 16:21 | Build | Farm |
| 16:44 | Research | Castle Age |
| 17:11 | Build | Archery Range |
| 17:22 | Research | Stone Mining |
| 17:36 | Research | Gold Mining |
| 17:53 | Build | Farm |
| 18:20 | Age | Castle Age |
| 18:50 | Research | Wheelbarrow |
| 18:50 | Create | Villager (Male) |
| 18:50 | Create | Villager (Male) |
| 19:04 | Build | Castle |
| 19:10 | Build | Town Center |
| 19:18 | Create | Villager (Male) |
| 19:48 | Research | Man-at-Arms (upgrade) |
| 19:56 | Build | Barracks |
| 20:08 | Build | Gate |
| 20:30 | Create | Militia |
| 20:31 | Create | Militia |
| 20:31 | Create | Militia |
| 20:43 | Create | Militia |
| 20:43 | Create | Militia |
| 20:43 | Create | Militia |
| 20:57 | Create | Karambit Warrior |
| 20:58 | Create | Karambit Warrior |
| 20:58 | Create | Karambit Warrior |
| 21:42 | Create | Karambit Warrior |
| 21:43 | Create | Karambit Warrior |
| 23:03 | Build | Farm |
Build order — Nico
First 150 of 413 actions detected
| 0:01 | Create | Villager (Male) |
| 0:03 | Build | House |
| 0:06 | Build | House |
| 0:07 | Create | Villager (Male) |
| 0:15 | Create | Villager (Male) |
| 0:15 | Create | Villager (Male) |
| 0:15 | Create | Villager (Male) |
| 1:29 | Create | Villager (Male) |
| 1:53 | Build | Lumber Camp |
| 2:13 | Create | Villager (Male) |
| 2:13 | Create | Villager (Male) |
| 2:22 | Create | Villager (Male) |
| 2:39 | Create | Villager (Male) |
| 3:36 | Create | Villager (Male) |
| 3:37 | Create | Villager (Male) |
| 3:44 | Build | House |
| 3:45 | Build | House |
| 3:46 | Build | House |
| 3:48 | Create | Villager (Male) |
| 4:32 | Create | Villager (Male) |
| 4:32 | Create | Villager (Male) |
| 4:35 | Create | Villager (Male) |
| 4:41 | Build | Mill |
| 5:10 | Create | Villager (Male) |
| 5:28 | Create | Villager (Male) |
| 5:47 | Create | Villager (Male) |
| 5:57 | Create | Villager (Male) |
| 6:05 | Create | Villager (Male) |
| 7:05 | Create | Villager (Male) |
| 7:39 | Create | Villager (Male) |
| 8:11 | Build | Mining Camp |
| 8:14 | Create | Villager (Male) |
| 8:21 | Build | Lumber Camp |
| 8:26 | Create | Villager (Male) |
| 8:45 | Create | Villager (Male) |
| 8:53 | Create | Villager (Male) |
| 10:09 | Build | Barracks |
| 10:19 | Research | Feudal Age |
| 10:47 | Research | Loom |
| 10:55 | Build | Palisade Wall |
| 10:58 | Build | Palisade Wall |
| 11:05 | Build | Palisade Wall |
| 11:31 | Build | Farm |
| 11:32 | Build | Farm |
| 11:32 | Build | Farm |
| 11:32 | Build | Farm |
| 12:04 | Create | Villager (Male) |
| 12:08 | Build | House |
| 12:10 | Build | House |
| 12:32 | Build | Farm |
| 12:32 | Age | Feudal Age |
| 12:37 | Build | Archery Range |
| 12:54 | Build | Farm |
| 13:14 | Build | Stone Wall |
| 13:23 | Build | Stone Wall |
| 13:30 | Create | Villager (Male) |
| 13:38 | Build | Farm |
| 13:39 | Build | Farm |
| 13:41 | Build | Farm |
| 13:42 | Build | Farm |
| 14:09 | Build | Stone Wall |
| 14:21 | Create | Villager (Male) |
| 14:27 | Create | Villager (Male) |
| 14:30 | Build | Market |
| 15:05 | Research | Castle Age |
| 15:12 | Create | Archer |
| 15:38 | Create | Archer |
| 16:03 | Build | Blacksmith |
| 16:07 | Research | Double-Bit Axe |
| 16:13 | Research | Horse Collar |
| 16:55 | Build | Mining Camp |
| 17:01 | Create | Archer |
| 17:10 | Research | Fletching |
| 17:29 | Create | Archer |
| 17:45 | Age | Castle Age |
| 17:46 | Create | Villager (Male) |
| 17:56 | Build | Siege Workshop |
| 17:59 | Create | Villager (Male) |
| 18:13 | Research | Bodkin Arrow |
| 18:24 | Build | Mining Camp |
| 18:27 | Create | Villager (Male) |
| 18:31 | Build | Town Center |
| 18:49 | Create | Battering Ram |
| 19:07 | Create | Villager (Male) |
| 19:08 | Create | Villager (Male) |
| 19:23 | Create | Villager (Male) |
| 19:32 | Create | Archer |
| 19:35 | Create | Archer |
| 20:04 | Build | Gate |
| 20:10 | Research | Crossbowman (upgrade) |
| 20:26 | Build | Stone Wall |
| 20:31 | Create | Villager (Male) |
| 20:32 | Create | Battering Ram |
| 20:35 | Create | Villager (Male) |
| 20:38 | Build | House |
| 20:39 | Build | House |
| 20:39 | Build | House |
| 20:40 | Build | House |
| 21:22 | Create | Archer |
| 21:22 | Create | Archer |
| 21:35 | Create | Archer |
| 21:51 | Build | Gate |
| 21:56 | Create | Battering Ram |
| 22:00 | Create | Villager (Male) |
| 22:05 | Create | Villager (Male) |
| 22:18 | Create | Villager (Male) |
| 22:19 | Create | Villager (Male) |
| 22:24 | Create | Battering Ram |
| 22:38 | Create | Villager (Male) |
| 22:39 | Create | Villager (Male) |
| 22:39 | Create | Villager (Male) |
| 22:43 | Build | Farm |
| 22:43 | Build | Farm |
| 22:43 | Build | Farm |
| 22:44 | Build | Farm |
| 22:44 | Build | Farm |
| 22:44 | Build | Farm |
| 22:45 | Build | Farm |
| 22:46 | Build | Farm |
| 22:56 | Create | Villager (Male) |
| 22:57 | Create | Villager (Male) |
| 23:19 | Build | Farm |
| 24:09 | Create | Archer |
| 24:09 | Create | Archer |
| 24:29 | Create | Archer |
| 24:30 | Research | Thumb Ring |
| 24:49 | Create | Villager (Male) |
| 25:00 | Build | Lumber Camp |
| 25:14 | Create | Villager (Male) |
| 25:28 | Build | Archery Range |
| 25:30 | Build | Archery Range |
| 25:33 | Create | Villager (Male) |
| 25:34 | Create | Villager (Male) |
| 25:36 | Create | Villager (Male) |
| 26:04 | Build | University |
| 26:07 | Create | Villager (Male) |
| 26:27 | Create | Archer |
| 26:27 | Create | Archer |
| 26:29 | Create | Archer |
| 26:29 | Create | Archer |
| 26:44 | Create | Archer |
| 26:50 | Build | House |
| 26:51 | Build | House |
| 26:51 | Build | House |
| 26:52 | Build | House |
| 26:52 | Build | House |
| 26:52 | Build | House |
| 26:53 | Build | House |
| 26:53 | Build | House |
| 26:53 | Build | House |
Match timeline
| 7:53 | 大清第一巴图鲁 · first_building Donjon |
| 10:09 | Nico · first_building Barracks |
| 10:18 | CamelotCosmonaut · age_up feudal |
| 10:30 | 不服就干 · first_building Barracks |
| 10:33 | 大清第一巴图鲁 · age_up feudal |
| 10:45 | anonim · first_building Barracks |
| 10:50 | 不服就干 · wall_segment Palisade Wall x1 |
| 10:55 | Nico · wall_segment Palisade Wall x5 |
| 10:58 | Nico · wall_segment Palisade Wall x1 |
| 11:05 | Nico · wall_segment Palisade Wall x12 |
| 11:06 | 不服就干 · age_up feudal |
| 11:37 | Mauroko · age_up feudal |
| 11:51 | MigueMigue · age_up feudal |
| 11:54 | CCM | Muflon de Elite · age_up feudal |
| 12:13 | anonim · age_up feudal |
| 12:32 | Nico · age_up feudal |
| 12:33 | anonim · first_building Stable |
| 12:37 | Nico · first_building Archery Range |
| 13:01 | CCM | Muflon de Elite · first_market_buy 100 food |
| 13:06 | CCM | Muflon de Elite · first_market_sell 100 wood |
| 13:14 | Nico · wall_segment Stone Wall x14 |
| 13:23 | Nico · wall_segment Stone Wall x7 |
| 13:32 | Mauroko · first_building Siege Workshop |
| 14:09 | Nico · wall_segment Stone Wall x1 |
| 14:40 | CCM | Muflon de Elite · first_building Barracks |
| 15:30 | Mauroko · age_up castle |
| 15:35 | MigueMigue · age_up castle |
| 15:43 | CamelotCosmonaut · age_up castle |
| 15:49 | CCM | Muflon de Elite · age_up castle |
| 16:01 | CCM | Muflon de Elite · first_building Monastery |
| 16:10 | 不服就干 · first_market_buy 100 food |
| 16:13 | anonim · age_up castle |
| 16:42 | 不服就干 · first_market_sell 100 wood |
| 16:45 | CamelotCosmonaut · first_building Barracks |
| 17:07 | Nico · first_market_sell 100 wood |
| 17:11 | 不服就干 · first_building Archery Range |
| 17:45 | Nico · age_up castle |
| 17:55 | CamelotCosmonaut · first_building Stable |
| 17:56 | MigueMigue · first_building Castle |
| 17:56 | Nico · first_building Siege Workshop |
| 18:20 | 不服就干 · age_up castle |
| 18:57 | 大清第一巴图鲁 · first_market_buy 100 food |
| 19:00 | 大清第一巴图鲁 · first_market_sell 100 wood |
| 19:04 | 不服就干 · first_building Castle |
| 19:12 | CamelotCosmonaut · first_building Castle |
| 19:30 | CamelotCosmonaut · first_market_buy 100 food |
| 19:50 | CamelotCosmonaut · first_building Siege Workshop |
| 20:17 | 大清第一巴图鲁 · wall_segment Stone Wall x12 |
| 20:26 | Nico · wall_segment Stone Wall x1 |
| 20:28 | 大清第一巴图鲁 · wall_segment Stone Wall x11 |
| 21:01 | MigueMigue · first_building Siege Workshop |
| 21:46 | 大清第一巴图鲁 · age_up castle |
| 22:04 | 大清第一巴图鲁 · first_building Castle |
| 22:15 | 大清第一巴图鲁 · first_building Siege Workshop |
| 23:56 | 不服就干 · resign |
| 24:17 | CamelotCosmonaut · first_market_sell 100 stone |
| 24:25 | CCM | Muflon de Elite · first_building Castle |
| 24:41 | CCM | Muflon de Elite · first_building Siege Workshop |
| 25:24 | Nico · first_market_buy 100 wood |
| 25:51 | Mauroko · first_building Barracks |
| 26:25 | MigueMigue · first_market_buy 100 food |
| 27:15 | anonim · first_market_sell 500 wood |
| 28:45 | CamelotCosmonaut · age_up imperial |
| 29:31 | CCM | Muflon de Elite · first_building Stable |
| 30:13 | MigueMigue · age_up imperial |
| 30:16 | Mauroko · first_building Archery Range |
| 32:23 | CCM | Muflon de Elite · age_up imperial |
| 33:38 | CamelotCosmonaut · first_building Monastery |
| 35:18 | 大清第一巴图鲁 · first_building Stable |
| 36:33 | anonim · first_building Siege Workshop |
| 36:36 | Nico · age_up imperial |
| 38:46 | Mauroko · first_building Castle |
| 42:06 | Nico · tribute_sent a jugador 1 |
| 42:06 | Nico · tribute_sent a jugador 2 |
| 42:06 | Nico · tribute_sent a jugador 3 |
| 42:06 | Nico · tribute_sent a jugador 4 |
| 42:06 | Nico · tribute_sent a jugador 5 |
| 42:06 | Nico · tribute_sent a jugador 6 |
| 42:06 | Nico · tribute_sent a jugador 7 |
| 42:56 | Mauroko · age_up imperial |
| 43:55 | Nico · first_building Castle |
| 44:03 | 大清第一巴图鲁 · age_up imperial |
| 45:23 | MigueMigue · tribute_sent a jugador 1 |
| 45:23 | MigueMigue · tribute_sent a jugador 2 |
| 45:23 | MigueMigue · tribute_sent a jugador 3 |
| 45:23 | MigueMigue · tribute_sent a jugador 4 |
| 45:23 | MigueMigue · tribute_sent a jugador 5 |
| 45:23 | MigueMigue · tribute_sent a jugador 7 |
| 45:23 | MigueMigue · tribute_sent a jugador 8 |
| 47:50 | Nico · first_building Stable |
| 47:54 | CamelotCosmonaut · wall_segment Stone Wall x3 |
| 48:57 | anonim · tribute_sent a jugador 1 |
| 48:57 | anonim · tribute_sent a jugador 3 |
| 48:57 | anonim · tribute_sent a jugador 4 |
| 48:57 | anonim · tribute_sent a jugador 5 |
| 48:57 | anonim · tribute_sent a jugador 6 |
| 48:57 | anonim · tribute_sent a jugador 7 |
| 48:57 | anonim · tribute_sent a jugador 8 |
| 51:48 | MigueMigue · tribute_sent a jugador 1 |
| 51:48 | MigueMigue · tribute_sent a jugador 2 |
| 51:48 | MigueMigue · tribute_sent a jugador 3 |
| 51:48 | MigueMigue · tribute_sent a jugador 4 |
| 51:48 | MigueMigue · tribute_sent a jugador 5 |
| 51:48 | MigueMigue · tribute_sent a jugador 7 |
| 51:48 | MigueMigue · tribute_sent a jugador 8 |
| 53:16 | Nico · tribute_sent a jugador 1 |
| 53:16 | Nico · tribute_sent a jugador 2 |
| 53:16 | Nico · tribute_sent a jugador 3 |
| 53:16 | Nico · tribute_sent a jugador 4 |
| 53:16 | Nico · tribute_sent a jugador 5 |
| 53:16 | Nico · tribute_sent a jugador 6 |
| 53:16 | Nico · tribute_sent a jugador 7 |
| 53:50 | CCM | Muflon de Elite · wall_segment Palisade Wall x1 |
| 53:51 | CCM | Muflon de Elite · wall_segment Palisade Wall x1 |
| 53:52 | CCM | Muflon de Elite · wall_segment Palisade Wall x1 |
| 53:58 | anonim · tribute_sent a jugador 1 |
| 53:58 | anonim · tribute_sent a jugador 3 |
| 53:58 | anonim · tribute_sent a jugador 4 |
| 53:58 | anonim · tribute_sent a jugador 5 |
| 53:58 | anonim · tribute_sent a jugador 6 |
| 53:58 | anonim · tribute_sent a jugador 7 |
| 53:58 | anonim · tribute_sent a jugador 8 |
[ AI ANALYSIS · 1 CREDIT ]
What really happened in this match?
Wolo.gg analyzes every decision: build order, eco, micro, common mistakes by bracket. Personalized analysis on WhatsApp or Discord in 30 seconds.
Civ guide
Sicilians
Perfil
大清第一巴图鲁